 Dungeon Crawl Stone Soup version 0.17.0-28-g6e173f8 (console) character file.

979 gw the Cudgeler (level 8, -3/50 HPs)
             Began as a Gargoyle Berserker on Nov 22, 2015.
             Was a Priest of Trog.
             Slain by an ogre
             ... wielding a +0 giant club
              (20 damage)
             ... on level 5 of the Dungeon.
             The game lasted 00:04:36 (4924 turns).

gw the Cudgeler (Gargoyle Berserker)                Turns: 4924, Time: 00:04:36

Health: -3/50      AC: 16    Str: 21    XL:     8   Next: 17%
Magic:  8/8        EV:  8    Int:  8    God:    Trog [***...]
Gold:   201        SH:  0    Dex: 11    Spells: 0 memorised, 7 levels left

rFire  . . .     SeeInvis .     b - +0 flail
rCold  . . .     Clarity  .     s - +0 chain mail
rNeg   + . .     SustAt   .     (no shield)
rPois  ∞         Gourm    .     (no helmet)
rElec  +         Spirit   .     a - +0 cloak
rCorr  .         Warding  .     (no gloves)
rMut   .         Stasis   .     (no boots)
MR     ++...                    n - amulet of rage
Stlth  ..........               (no ring)
                                (no ring)

@: regenerating, very resistant to hostile enchantments, extremely unstealthy
A: negative energy resistance 1, sense surroundings 1, electricity resistance,
unbreathing, petrification resistance, rot immunity, AC +5
a: Berserk, Trog's Hand, Burn Spellbooks, Renounce Religion, Evoke Berserk Rage


You were on level 5 of the Dungeon.
You worshipped Trog.
Trog was most pleased with you.
You were not hungry.

You visited 1 branch of the dungeon, and saw 5 of its levels.

You collected 201 gold pieces.

Inventory:

Hand Weapons
 b - a +0 flail (weapon)
Missiles
 e - 67 stones (quivered)
 p - 28 poisoned needles
Armour
 a - a +0 cloak (worn)
 s - a +0 chain mail (worn)
Jewellery
 n - an amulet of rage (around neck)
Scrolls
 m - 2 scrolls of fear
 r - a scroll of remove curse
Potions
 d - a potion of heal wounds
 f - a potion of curing
 h - a potion of might
 j - 2 potions of beneficial mutation
Books
 i - a book of Hinderance

   Spells                             Type                      Level
   a - Confusing Touch                Hexes                        2
   b - Confuse                        Hexes                        3
   c - Gell's Gravitas                Hexes/Translocation          3
   d - Petrify                        Transmutation/Earth          4
   e - Metabolic Englaciation         Hexes/Ice                    5
   Trog disapproves of the use of such an item.
Comestibles
 c - a bread ration
 g - 2 meat rations
 k - 2 chunks of flesh
 o - 2 slices of pizza


   Skills:
 + Level 5.4 Fighting
 * Level 6.5 Maces & Flails
 + Level 3.4 Throwing
 + Level 5.1 Armour
 - Level 1.5 Dodging


You had 7 spell levels left.
You didn't know any spells.

Dungeon Overview and Level Annotations

Branches:
Dungeon (5/15)             Temple (0/1) D:4

Altars:
Cheibriados
Xom


Innate Abilities, Weirdness & Mutations

You are resistant to torment.
Your stone body is resilient (AC +5).
You are immune to poison.
You resist negative energy.
You are resistant to electric shocks.
You can survive without breathing.
You are immune to petrification.
You are immune to rotting.
You passively map a small area around you.


Message History

You hit the orc.
The orc is severely wounded.
The orc barely misses you. The ogre closely misses you.
ATTACKING (-1,0)
You closely miss the orc.
The orc is severely wounded.
The orc hits you but does no damage. The ogre hits you with a giant club!
ATTACKING (-1,0)
You barely miss the orc.
The orc is severely wounded.
The orc barely misses you. The ogre hits you with a giant club!!
Your skin crawls.
You feel resistant to hostile enchantments.
You are feeling hungry.
The orc hits you but does no damage.
Eat one of 3 chunks of flesh? (ye/n/q/i?) This raw flesh tastes terrible.
The hound zombie bites you but does no damage.
The orc hits you but does no damage. The ogre hits you with a giant club!!
You die...

, #.........##.# #.# #......
#.#......###.# #.# #......
#......# #.# #.# #...... *
##....%# #.###.###...... , ,
.##.....# #.#.....#####.. ,
.........###.#.....######.
,,
...........)#).............
,.....((((Z.................
,
...((.(.(o9.##.............
*
........(.O.###............
*
#.....((.........<.........
....(.....................
...(...(................. *
.....(.(..............## *
......................# *
..............> ,


You could see an ogre, an orc and a hound zombie.

Table legend:
 A = Turns spent in this place as a percentage of turns spent in the entire game.
 B = Non-inter-level travel turns spent in this place as a percentage of non-inter-level travel turns spent in the entire game.
 C = Inter-level travel turns spent in this place as a percentage of turns spent in this place.
 D = Turns resting spent in this place as a percentage of non-inter-level travel turns spent in this place.
 E = Turns spent auto-exploring this place as a percentage of non-inter-level travel turns spent in this place.
 F = Non-inter-level travel turns spent in this place divided by the number of levels of this place that you've seen.
                   A       B       C       D       E      F
               +-------+-------+-------+-------+-------+----------------------
         Total | 100.0 | 100.0 |   0.4 |   1.1 |   2.3 | 1486.4
       Dungeon | 100.0 | 100.0 |   0.4 |   1.1 |   2.3 | 1486.4
               +-------+-------+-------+-------+-------+----------------------

Table legend:
 A = Kills in this place as a percentage of kills in entire the game.
 B = Kills by you in this place as a percentage of kills by you in the entire game.
 C = Kills by friends in this place as a percentage of kills by friends in the entire game.
 D = Other kills in this place as a percentage of other kills in the entire game.
 E = Experience gained in this place as a percentage of experience gained in the entire game.
 F = Experience gained in this place divided by the number of levels of this place that you have seen.
                   A       B       C       D       E      F
               +-------+-------+-------+-------+-------+----------------------
         Total | 100.0 | 100.0 |  -nan |  -nan | 100.0 | 279.8
       Dungeon | 100.0 | 100.0 |  -nan |  -nan | 100.0 | 279.8
               +-------+-------+-------+-------+-------+----------------------

Vanquished Creatures
  Pikel (D:4)
  2 phantoms
  The ghost of jw the Cutter, an amateur OpBe of Trog (D:3)
  An orc wizard (D:4)
  An iguana (D:4)
  An orc priest (D:5)
  2 worker ants (D:4)
  3 adders (D:3)
  2 oozes
  3 worms
  7 giant geckos
  16 orcs
  3 bats
  4 giant cockroaches
  3 hobgoblins (D:3)
  6 jackals
  7 kobolds
  5 quokkas
  7 giant newts
  7 goblins
  5 rats
87 creatures vanquished.

Vanquished Creatures (others)
  A phantom (D:4)
  2 slaves (D:4)
  2 hounds (D:4)
5 creatures vanquished.

Grand Total: 92 creatures vanquished

Notes
Turn   | Place    | Note
--------------------------------------------------------------
     0 | D:1      | gw the Gargoyle Berserker began the quest for the Orb.
     0 | D:1      | Reached XP level 1. HP: 14/14 MP: 1/1
   294 | D:1      | Reached XP level 2. HP: 19/19 MP: 2/2
   983 | D:2      | Reached XP level 3. HP: 23/23 MP: 3/3
  1018 | D:2      | Reached ** piety under Trog
  2178 | D:2      | Gained mutation: You passively map a small area around you. [potion of beneficial mutation]
  2470 | D:3      | Reached skill level 1 in Throwing
  2470 | D:3      | Reached XP level 4. HP: 26/28 MP: 4/4
  2804 | D:3      | Noticed jw's ghost (amateur OpBe)
  2814 | D:3      | Killed jw's ghost
  2814 | D:3      | Reached skill level 4 in Fighting
  2814 | D:3      | Reached XP level 5. HP: 26/33 MP: 5/5
  3090 | D:3      | Found a shimmering altar of Xom.
  3091 | D:3      | Found a shimmering altar of Xom.
  3138 | D:3      | Found a shimmering altar of Xom.
  3139 | D:3      | Found a shimmering altar of Xom.
  3468 | D:4      | Noticed Pikel
  3468 | D:4      | Noticed a slave
  3471 | D:4      | Noticed a slave
  3471 | D:4      | Noticed a slave
  3473 | D:4      | Noticed a slave
  3498 | D:4      | Killed Pikel
  3498 | D:4      | Reached skill level 5 in Fighting
  3498 | D:4      | Reached skill level 5 in Maces & Flails
  3498 | D:4      | Reached XP level 6. HP: 30/40 MP: 6/6
  3498 | D:4      | Reached XP level 7. HP: 33/44 MP: 7/7
  3698 | D:4      | Killed a phantom
  3708 | D:4      | Found a snail-covered altar of Cheibriados.
  3810 | D:4      | Reached skill level 6 in Maces & Flails
  3928 | D:4      | Killed a freed slave
  4100 | D:4      | Found a staircase to the Ecumenical Temple.
  4240 | D:4      | Killed a freed slave
  4243 | D:4      | Reached *** piety under Trog
  4258 | D:4      | Noticed a phantom
  4299 | D:4      | Killed a phantom
  4299 | D:4      | Reached XP level 8. HP: 37/49 MP: 8/8
  4639 | D:5      | Entered Level 5 of the Dungeon
  4818 | D:5      | Reached skill level 5 in Armour
  4924 | D:5      | Slain by an ogre

Action                   |  1- 3 |  4- 6 |  7- 9 || total
-------------------------+-------+-------+-------++-------
Melee: Mace              |   123 |    85 |       ||   208
       Flail             |       |    28 |    98 ||   126
Throw: Stone             |    81 |    54 |    82 ||   217
Invok: Trog's Hand       |       |     3 |     1 ||     4
       Berserk           |       |     2 |       ||     2
  Use: Scroll            |     5 |       |     1 ||     6
       Potion            |     7 |       |     1 ||     8
 Stab: Sleeping          |     2 |       |       ||     2
  Eat: Chunk             |     5 |     4 |     7 ||    16

Vault maps used:
D:1:      tarquinn_simple_flora_water_a
D:3:      xom_redecorated
D:4:      overflow_temple_1_default, minmay_temple_entry_glassed_door,
          grunt_ministairs_1, uniq_pikel
D:5:      first_bread
